Description

Early DT harass at 4:30 into a 3-Base push at 7:00

VOD

https://www.youtube.com/watch?v=EZ5OTkGQogY

Build Order

Get SALT Encoding   

  14  0:19  Pylon  
  16  0:39  Gateway  Scout with Probe
  17  0:48  Assimilator  
  20  1:26  Nexus  
  20  1:33  Cybernetics Core  
  21  1:43  Assimilator  
  22  1:52  Pylon  
  25  2:10  Warp Gate, Adept (Chrono Boost)  Chrono
  26  2:21  Twilight Council  
  29  2:30  Stalker (Chrono Boost)  Chrono
  31  2:49  Robotics Facility  
  37  3:17  Dark Shrine  
  38  3:35  Gateway x3  Cut Probes at 38 supply
  40  3:40  Warp Prism (Chrono Boost)  
  42  3:44  Probe  Start probing again
  42  3:48  Assimilator x2  Take gas at natural; fill them with probes immediately
  44  3:56  Pylon x2  
  49  4:30  Dark Templar  Warp in 4 DT at Prism to snipe 3rd; Keep them alive
  59  4:44  Pylon  At 3rd
  59  4:52  Nexus  
  60  4:55  Observer (Chrono Boost)  Chrono
  60  5:00  Archon  Make DT into Archon, rally Observer, clear creep
  60  5:02  Forge  
  64  5:09  Immortal (Chrono Boost)  Chrono
  66  5:11  Sentry x2  6-7 Sentries for push
  68  5:14  Pylon  
  69  5:18  Probe x9  Start probing again
  72  5:34  Charge  
  76  5:37  Protoss Ground Weapons Level 1 (Chrono Boost)  Chrono
  78  5:59  Gateway x4  
  84  6:07  Immortal  
  88  6:17  Pylon x3  
  98  6:38  Action  Move out
  115  7:05  Action  Attack
Spawning Tool Build Advisor. Get it on Overwolf

Analysis

Instantly push probes into your 3rd and 4th Assimilator once built so you possess 500M|500G at about 4:30 for the DT-warp-in

Don´t lose Prism, DT/Archon as it´s the one thing keeping the Zerg on his side of the map.

Moderately probe behind the push to potentially transition into whatever your heart desires.

Go to:

Details

  • Created by: Most
  • Published on: Jun 26, 2019
  • Modified on: Jul 22, 2019
  • Patch: 4.7.1
Show
View Real Time Build Order
Export as new Build Order

Comments (2)

On July 22, 2019, 5:06 a.m., Most  said:

Hello, I edited the BO, so it shows correctly now.
Thank you for the notice

On July 21, 2019, 6:35 a.m., Grazl  said:

I think there is an error in SALT code, at 44 you should build two pylons, but SALT mode tells me to build only one so I cant warp in 4 DT's because of supply block at 54.

Create an account to comment!